AoeStats
← Darkin

Arena

510145923Analyzed
1v1 RM · 3d ago on Sep 29, 2026· 25m 36s· 2 players
Game mode
Random Map
Map size
Tiny (2 player)
Population
200
Speed
Normal
Resources
Standard
Victory
Conquest
Starting age
Dark Age
Ending age
Imperial Age
RankedLock teamsTeams togetherTeam positionsShared explorationLock speedFull tech treeHidden civsTurbo modeCheats
Victory
Defeat
🇨🇿 Berbers · Czechia
601
+22
🇦🇷 Byzantines · Argentina
464
-10
PeJeLaGaRtO
7:05 Loom
11:16 Feudal Age
12:21 Double-Bit Axe
13:13 Horse Collar
17:05 Gold Mining
17:05 Stone Mining
18:31 Wheelbarrow
22:41 Castle Age
Darkin
4:07 Loom
12:41 Feudal Age
13:24 Horse Collar
13:32 Double-Bit Axe
14:02 Gold Mining
15:08 Wheelbarrow
14:28 Town Watch
16:25 Forging
16:07 Fletching
16:19 Padded Archer Armor
17:18 Scale Barding Armor
18:51 Man-at-Arms
20:24 Arson
23:41 Bloodlines
23:45 Scale Mail Armor
27:31 Castle Age
Connection lost

Rejoining the realm…

Still unreachable

The connection could not be restored.

Session expired

The server has moved on; the page needs a fresh start.